 Dungeon Crawl Stone Soup version 0.21.1-1-g345015fe64 (webtiles) character file.

7429 Jesperson the Covert (level 11, -8/62 HPs)
             Began as a Kobold Conjurer on July 10, 2018.
             Was a Believer of Vehumet.
             Mangled by a killer bee (14 damage)
             ... on level 9 of the Dungeon on July 14, 2018.
             The game lasted 01:23:26 (17091 turns).

Jesperson the Covert (Kobold Conjurer)             Turns: 17091, Time: 01:23:26

Health: -8/62      AC:  8    Str:  8    XL:     11   Next: 37%
Magic:  2/22       EV: 21    Int: 17    God:    Vehumet [**....]
Gold:   468        SH:  0    Dex: 16    Spells: 6/25 levels left

rFire    . . .     SeeInvis .   d - +4 dagger
rCold    . . .     Gourm    .   (shield restricted)
rNeg     . . .     Faith    .   k - +2 robe {MR+}
rPois    +         Spirit   .   (no helmet)
rElec    .         Reflect  .   R - +2 cloak
rCorr    .         Harm     .   u - +0 pair of gloves
MR       ++...                  (no boots)
Stlth    ++++......             (no amulet)
HPRegen  0.20/turn              j - ring of protection from magic
MPRegen  0.18/turn              n - ring of poison resistance

@: lethally poisoned (-8 -> -10), about to teleport
A: small, carnivore
a: Renounce Religion


You were on level 9 of the Dungeon.
You worshipped Vehumet.
Vehumet was pleased with you.
You were full.

You visited 2 branches of the dungeon, and saw 10 of its levels.

You collected 657 gold pieces.
You spent 189 gold pieces at shops.

Inventory:

Hand Weapons
 d - a +4 dagger (weapon)
 o - a +1 glaive
Armour
 k - a +2 robe of magic resistance (worn)
 u - a +0 pair of gloves (worn)
 O - a +3 chain mail of positive energy
 R - a +2 cloak (worn)
Jewellery
 j - a ring of protection from magic (left hand)
 n - a ring of poison resistance (right hand)
 q - an uncursed ring of poison resistance
 s - an uncursed amulet of harm
 t - an uncursed ring of stealth {unknown}
 y - an uncursed ring of positive energy {unknown}
 J - an uncursed ring of see invisible {unknown}
Wands
 h - a wand of iceblast (3)
 x - a wand of paralysis (20)
 A - a wand of random effects (28)
 B - a wand of polymorph (12)
 E - a wand of digging (15)
 I - a wand of scattershot (6)
 N - a wand of acid (4)
Scrolls
 e - 4 scrolls of remove curse
 i - a scroll of amnesia
 m - a scroll of identify
 r - 3 scrolls of enchant armour
 v - 2 scrolls of fog
 P - a scroll of magic mapping
Potions
 a - 2 potions of lignification {unknown}
 g - a potion of ambrosia {unknown}
 l - a potion of brilliance
 w - a potion of flight {unknown}
 z - 3 potions of invisibility
 D - a potion of degeneration {unknown}
 F - a potion of curing
 K - a potion of resistance {unknown}
 Q - a potion of mutation {unknown}
Books
 b - a book of Conjurations

   Spells                             Type                      Level
   a - Magic Dart                     Conjuration                  1
   b - Searing Ray                    Conjuration                  2
   c - Dazzling Spray                 Conjuration/Hexes            3
   d - Fulminant Prism                Conjuration/Hexes            4
   e - Force Lance                    Conjuration/Translocation    4
   f - Iskenderun's Mystic Blast      Conjuration                  4
Comestibles
 c - 14 rations


   Skills:
 + Level 4.5 Fighting
 * Level 7.8 Short Blades
 * Level 8.6 Dodging
 * Level 9.8 Stealth
 + Level 7.7 Spellcasting
 + Level 9.0 Conjurations
 + Level 1.3 Hexes
 + Level 0.3 Air Magic
 * Level 4.4 Evocations


You had 6 spell levels left.
You knew the following spells:

 Your Spells              Type           Power        Failure   Level  Hunger
a - Magic Dart            Conj           ####         1%          1    None
b - Searing Ray           Conj           #####.       1%          2    None
c - Dazzling Spray        Conj/Hex       ###...       3%          3    #......
d - Iskenderun's Mystic   Conj           #####...     2%          4    ###....
e - Shock                 Conj/Air       ###.         1%          1    None
f - Fulminant Prism       Conj/Hex       ###.......   12%         4    ###....
g - Force Lance           Conj/Tloc      ###.....     17%         4    ###....


Dungeon Overview and Level Annotations

Branches:
Dungeon (9/15)             Temple (1/1) D:6            Lair (0/6) D:9
    Orc: D:9-12

Altars:
Ashenzari
Cheibriados
Dithmenos
Elyvilon
Fedhas
Gozag
Hepliaklqana
Kikubaaqudgha
Makhleb
Nemelex Xobeh
Okawaru
Qazlal
Ru
Sif Muna
Trog
Uskayaw
Vehumet
Wu Jian
Xom
Yredelemnul
Zin
The Shining One

Shops:
D:4 [   D:6 }   D:7 **}*[   D:9 :

Annotations:
D:5 Htamos's ghost, novice MfBe
D:8 exclusions: player ghost and wraith


Innate Abilities, Weirdness & Mutations

You are small and have problems with some larger weapons.
You are carnivorous and can eat meat at any time.


Message History

The queen bee looks frightened!
You feel sick. The killer bee completely misses you.
The killer bee misses you. x2
The killer bee barely misses you. x2; The killer bee completely misses you.
The killer bee barely misses you. The killer bee stings you!
The killer bee completely misses you. The killer bee stings you.
As you read the scroll of immolation, it crumbles to dust.
The creatures around you are filled with an inner flame!
You feel sick. The killer bee misses you. The killer bee barely misses you.
The killer bee completely misses you. The killer bee barely misses you. x2
The killer bee closely misses you.
The killer bee rages.
The killer bee misses you. The killer bee closely misses you.
The killer bee stings you.
* * * LOW HITPOINT WARNING * * *
The killer bee closely misses you.
As you read the scroll of teleportation, it crumbles to dust.
You feel strangely unstable.
You feel sick. The killer bee stings you!
* * * LOW HITPOINT WARNING * * *
The killer bee barely misses you. x3; The killer bee stings you!
You die...

...............
........................
.........[..............
.(####..######.......... ..
#..# #.......... #..#
#.......... ....# #..#
#.......... ...#
..####..######...:......
...#
.......@y..†..y.........
#..#
........y†††........####
#..####..#####........####.#
#........# #........# #...
###........# #........#
#.#.%. .....# #..#
#........# #.# %. .....#
#..#####........####.## #
###..#
#.....................###
#..#
#........................


You could see a queen bee (inner flame) and 2 killer bees.

Vanquished Creatures
  A two-headed ogre (D:9)
  The ghost of AAA992 the Cleaver, a novice MiGl of Gozag (D:8)
  A phantasmal warrior (D:8)
  Maurice (D:8)
  A hornet (D:8)
  A troll (D:9)
  Sigmund (D:6)
  Eustachio (D:5)
  A wraith (D:8)
  Grum (D:8)
  Menkaure (D:5)
  A soldier ant (D:8)
  A black bear (D:8)
  3 ice beasts
  A sky beast (D:5)
  2 phantoms
  3 ogres
  3 wolves (D:9)
  2 centaurs (D:8)
  A big kobold (D:7)
  2 bullfrogs
  A wyvern skeleton (D:7)
  3 scorpions
  22 killer bees
  4 wights (D:7)
  4 howler monkeys
  2 crimson imps
  4 hounds
  2 jellies
  A centaur skeleton (D:5)
  2 orc priests
  Jessica (D:2)
  3 bullfrog skeletons
  4 iguanas
  4 orc wizards
  11 worker ants
  Ijyb (D:5)
  A worker ant zombie (D:7)
  9 adders
  4 gnolls (D:6)
  A howler monkey skeleton (D:8)
  2 shadow imps
  2 oozes
  4 adder skeletons
  2 worms
  2 dart slugs (D:3)
  4 leopard geckos
  17 orcs
  A ball python (D:3)
  7 giant cockroaches
  12 goblins
  5 hobgoblins
  12 jackals
  10 kobolds
  5 quokkas
  6 bats
  9 frilled lizards
  A leopard gecko zombie (D:5)
  A quokka skeleton (D:8)
  A quokka zombie (D:8)
  8 rats
225 creatures vanquished.

Notes
Turn   | Place    | Note
-------+----------+-------------------------------------------
     0 | D:1      | Jesperson the Kobold Conjurer began the quest for the Orb.
     0 | D:1      | Reached XP level 1. HP: 10/10 MP: 3/3
   194 | D:1      | Reached XP level 2. HP: 15/15 MP: 0/5
   419 | D:1      | Reached XP level 3. HP: 8/20 MP: 2/6
   787 | D:1      | Learned a level 2 spell: Searing Ray
  1239 | D:2      | Noticed Jessica
  1244 | D:2      | Killed Jessica
  1244 | D:2      | Reached skill level 1 in Fighting
  1244 | D:2      | Reached XP level 4. HP: 25/25 MP: 1/7
  1521 | D:2      | You fall through a shaft!
  2504 | D:3      | Reached XP level 5. HP: 29/29 MP: 5/8
  2795 | D:3      | Reached skill level 1 in Short Blades
  3085 | D:3      | Reached XP level 6. HP: 35/35 MP: 7/10
  3189 | D:3      | Reached skill level 5 in Conjurations
  3762 | D:4      | Found Ziluam's Armour Shop.
  4201 | D:4      | Learned a level 3 spell: Dazzling Spray
  4242 | D:4      | Reached skill level 5 in Stealth
  4242 | D:4      | Reached XP level 7. HP: 32/40 MP: 4/11
  5497 | D:5      | Entered Level 5 of the Dungeon
  5534 | D:5      | Reached XP level 8. HP: 14/46 MP: 6/14
  5778 | D:5      | Learned a level 4 spell: Iskenderun's Mystic Blast
  5779 | D:5      | Noticed Htamos's ghost (novice MfBe)
  6344 | D:5      | Noticed Eustachio
  6354 | D:5      | Killed Eustachio
  6354 | D:5      | Reached skill level 5 in Dodging
  6627 | D:5      | Noticed Ijyb
  6670 | D:5      | Killed Ijyb
  7381 | D:5      | Found a radiant altar of Vehumet.
  7388 | D:5      | Became a worshipper of Vehumet
  7405 | D:5      | Noticed Menkaure
  8036 | D:5      | Killed Menkaure
  8257 | D:6      | Noticed Sigmund
  8269 | D:6      | Killed Sigmund
  8269 | D:6      | Reached skill level 1 in Hexes
  8269 | D:6      | Reached XP level 9. HP: 43/52 MP: 7/16
  8346 | D:6      | Reached skill level 5 in Spellcasting
  9332 | D:6      | Found Peerist Dipp's Gadget Shop.
  9606 | D:6      | Found a staircase to the Ecumenical Temple.
  9790 | Temple   | Entered the Ecumenical Temple
 10526 | D:7      | Found Tatyd's Assorted Antiques.
 10551 | D:7      | Bought an encrusted gold wand for 84 gold pieces
 10710 | D:7      | Found Nemew's Gadget Boutique.
 10770 | D:7      | Found Ineutako's Antique Armour Shoppe.
 10970 | D:7      | Found a hazy altar of Hepliaklqana.
 11001 | D:7      | Reached * piety under Vehumet
 11001 | D:7      | Offered knowledge of Shock by Vehumet.
 11001 | D:7      | Reached skill level 5 in Short Blades
 11006 | D:7      | Learned a level 1 spell: Shock
 11058 | D:7      | Found Leudgh's Assorted Antiques.
 11066 | D:7      | Learned a level 4 spell: Fulminant Prism
 11505 | D:7      | Found Tufibire's General Store.
 11511 | D:7      | Bought a scroll of enchant weapon for 105 gold pieces
 11532 | D:7      | Reached XP level 10. HP: 57/57 MP: 10/18
 11702 | D:7      | Reached skill level 1 in Evocations
 12334 | D:8      | Noticed AAA992's ghost (novice MiGl)
 12814 | D:8      | Noticed a death knight
 12816 | D:8      | Noticed a skeletal warrior
 13432 | D:8      | Killed AAA992's ghost
 13953 | D:8      | Noticed a phantasmal warrior
 13959 | D:8      | Noticed a phantasmal warrior
 14419 | D:8      | Offered knowledge of Throw Flame by Vehumet.
 14425 | D:8      | Learned a level 4 spell: Force Lance
 14484 | D:8      | Noticed Maurice
 14505 | D:8      | Killed Maurice
 14650 | D:8      | Killed a phantasmal warrior
 15297 | D:9      | Noticed Grum
 15307 | D:9      | Reached XP level 11. HP: 49/62 MP: 5/21
 15412 | D:8      | Killed Grum
 15648 | D:9      | Noticed a two-headed ogre
 15664 | D:9      | Killed a two-headed ogre
 15677 | D:9      | Reached ** piety under Vehumet
 16099 | D:9      | Found Kamopret's Book Shoppe.
 16331 | D:9      | Found a staircase to the Lair.
 17091 | D:9      | Mangled by a killer bee

Skill      XL: |  1  2  3  4  5  6  7  8  9 10 11 |
---------------+----------------------------------+-----
Stealth        | 3 4 5 6 7 8 9 |  9.8
Fighting       | 1 2 3 4 |  4.5
Dodging        | 3 4 6 7 8 |  8.6
Short Blades   | 1 2 5 7 |  7.8
Conjurations   | 5 6 7 8 9 |  9.0
Spellcasting   | 3 4 5 7 |  7.7
Hexes          | 1 |  1.3
Evocations     | 3 4 |  4.4
Air Magic      | |  0.3

Action                   |  1- 3 |  4- 6 |  7- 9 | 10-12 || total
-------------------------+-------+-------+-------+-------++-------
Melee: Whip              |    34 |       |       |       ||    34
       Dagger            |       |    44 |    73 |    35 ||   152
 Cast: Magic Dart        |    47 |   107 |   228 |   157 ||   539
       Searing Ray       |       |    11 |    28 |    29 ||    68
       Iskenderun's Myst |       |       |    15 |    20 ||    35
       Dazzling Spray    |       |       |    11 |    13 ||    24
       Shock             |       |       |     6 |     3 ||     9
Evoke: Wand              |       |       |     8 |     3 ||    11
  Use: Scroll            |     4 |     2 |     9 |     7 ||    22
       Potion            |       |     3 |     5 |       ||     8
 Stab: Sleeping          |     1 |     5 |     1 |       ||     7
       Paralysed         |       |       |       |     2 ||     2
       Distracted        |       |       |       |     1 ||     1
  Eat: Chunk             |     8 |    12 |    21 |    13 ||    54
       Ration            |       |       |       |     4 ||     4
Armor: Robe              |    12 |     6 |    26 |    30 ||    74
Dodge: Dodged            |    59 |    74 |   204 |   257 ||   594
